[ AOE2 MATCH · #469638889 ]
UnrankedMaya vs Magyars
[ REPLAY ANALYSIS · EXTRACTED FROM THE RECORDED GAME ]
Feudal
9:40
Castle
22:52
Imperial
34:56
| APM avg | 70.0 |
| APM peak | 130 |
| eAPM avg | 28.5 |
| Villagers / military | 195 / 236 |
Focus
⚔️ 51.6% · 🌾 48.4%
Archer ×227 · Battering Ram ×9
Feudal
8:32
Castle
30:21
Imperial
—
| APM avg | 35.3 |
| APM peak | 91 |
| eAPM avg | 15.9 |
| Villagers / military | 69 / 124 |
Focus
⚔️ 37.6% · 🌾 62.4%
Scout Cavalry ×124
Feudal
9:16
Castle
26:15
Imperial
—
| APM avg | 55.3 |
| APM peak | 99 |
| eAPM avg | 26.3 |
| Villagers / military | 133 / 243 |
Focus
⚔️ 45.9% · 🌾 54.1%
Knight ×186 · Scout Cavalry ×57
Feudal
9:36
Castle
23:32
Imperial
—
| APM avg | 46.4 |
| APM peak | 89 |
| eAPM avg | 21.4 |
| Villagers / military | 117 / 109 |
Focus
⚔️ 40.5% · 🌾 59.5%
Archer ×107 · Battering Ram ×2
Feudal
9:17
Castle
21:45
Imperial
—
| APM avg | 38.5 |
| APM peak | 63 |
| eAPM avg | 25.8 |
| Villagers / military | 216 / 301 |
Focus
⚔️ 43.4% · 🌾 56.6%
Knight ×282 · Scout Cavalry ×19
Feudal
9:28
Castle
25:05
Imperial
—
| APM avg | 59.2 |
| APM peak | 94 |
| eAPM avg | 30.8 |
| Villagers / military | 183 / 190 |
Focus
⚔️ 42.6% · 🌾 57.4%
Knight ×149 · Scout Cavalry ×41
Feudal
8:52
Castle
22:38
Imperial
—
| APM avg | 51.9 |
| APM peak | 96 |
| eAPM avg | 23.0 |
| Villagers / military | 138 / 123 |
Focus
⚔️ 38.7% · 🌾 61.3%
Archer ×80 · Cavalry Archer ×43
Feudal
8:59
Castle
26:10
Imperial
—
| APM avg | 55.7 |
| APM peak | 104 |
| eAPM avg | 28.4 |
| Villagers / military | 91 / 142 |
Focus
⚔️ 57.8% · 🌾 42.2%
Archer ×142
Match map
Initial resources + every placement click. Lines = walls · curves = elevation contours. ◆ gold · ⬟ stone · ● berries · ✦ relic · ◌ wall gap
Your base· Open — unwalled flank
血色浪漫99199's base· Open — unwalled flank
白龍's base· ✓ Closed at 26:15 · 44t walls · no gate
Hágamelo Llegar's base· Open — 11t gap
Okan1080's base· ✓ Closed at 21:45 · 66t walls · 1 gate(s)
OnlyOuOb's base· ✓ Closed at 25:05 · 58t walls · no gate
FalconElPardal's base· Open — unwalled flank
[TNT] KKKFFFFFFCC's base· Open — 7t gap
Smoothed initial terrain · ◌ = detected wall gap · hover for details
Inputs per minute
— 赦生童子 - - 血色浪漫99199
Build order — 赦生童子
First 150 of 572 actions detected
| 0:02 | Research | Loom |
| 0:03 | Build | House |
| 0:05 | Build | House |
| 0:11 | Create | Villager (Male) |
| 0:12 | Create | Villager (Male) |
| 0:21 | Create | Villager (Male) |
| 0:22 | Create | Villager (Male) |
| 1:28 | Create | Villager (Male) |
| 1:28 | Create | Villager (Male) |
| 2:03 | Build | House |
| 2:04 | Build | House |
| 2:11 | Build | Lumber Camp |
| 2:13 | Create | Villager (Male) |
| 2:14 | Create | Villager (Male) |
| 2:43 | Create | Villager (Male) |
| 2:43 | Create | Villager (Male) |
| 2:54 | Create | Villager (Male) |
| 2:54 | Create | Villager (Male) |
| 2:54 | Create | Villager (Male) |
| 3:16 | Create | Villager (Male) |
| 3:16 | Create | Villager (Male) |
| 3:55 | Create | Villager (Male) |
| 3:55 | Create | Villager (Male) |
| 4:03 | Create | Villager (Male) |
| 4:03 | Create | Villager (Male) |
| 4:36 | Create | Villager (Male) |
| 4:36 | Create | Villager (Male) |
| 4:50 | Build | Mining Camp |
| 5:03 | Create | Villager (Male) |
| 5:04 | Create | Villager (Male) |
| 5:06 | Create | Villager (Male) |
| 5:06 | Create | Villager (Male) |
| 5:59 | Create | Villager (Male) |
| 6:00 | Create | Villager (Male) |
| 6:00 | Create | Villager (Male) |
| 6:06 | Create | Villager (Male) |
| 6:06 | Create | Villager (Male) |
| 7:26 | Create | Villager (Male) |
| 7:30 | Research | Feudal Age |
| 7:30 | Research | Feudal Age |
| 8:10 | Build | Barracks |
| 8:32 | Build | House |
| 9:09 | Build | House |
| 9:14 | Create | Villager (Male) |
| 9:15 | Create | Villager (Male) |
| 9:40 | Age | Feudal Age |
| 9:41 | Create | Villager (Male) |
| 9:44 | Build | Archery Range |
| 9:47 | Build | Archery Range |
| 9:49 | Research | Double-Bit Axe |
| 9:58 | Build | Palisade Wall |
| 10:17 | Build | Mill |
| 10:22 | Build | Watch Tower |
| 10:40 | Create | Archer |
| 10:40 | Create | Archer |
| 10:40 | Create | Archer |
| 10:41 | Create | Villager (Male) |
| 10:41 | Create | Villager (Male) |
| 11:12 | Create | Archer |
| 11:13 | Create | Archer |
| 11:13 | Create | Archer |
| 11:14 | Create | Villager (Male) |
| 11:15 | Create | Villager (Male) |
| 11:32 | Build | Blacksmith |
| 11:35 | Create | Archer |
| 11:35 | Create | Archer |
| 11:41 | Create | Villager (Male) |
| 11:41 | Create | Villager (Male) |
| 11:44 | Create | Archer |
| 11:44 | Create | Archer |
| 12:12 | Create | Archer |
| 12:13 | Create | Archer |
| 12:14 | Create | Villager (Male) |
| 12:14 | Create | Villager (Male) |
| 12:18 | Build | House |
| 12:23 | Build | House |
| 12:37 | Create | Archer |
| 12:37 | Create | Archer |
| 12:38 | Create | Villager (Male) |
| 12:38 | Create | Villager (Male) |
| 12:40 | Build | House |
| 12:46 | Create | Archer |
| 12:52 | Create | Villager (Male) |
| 13:01 | Build | Palisade Wall |
| 13:03 | Create | Archer |
| 13:04 | Create | Archer |
| 13:08 | Create | Villager (Male) |
| 13:08 | Create | Villager (Male) |
| 13:19 | Research | Fletching |
| 13:21 | Create | Archer |
| 13:21 | Create | Archer |
| 13:24 | Build | Farm |
| 13:26 | Build | Farm |
| 13:26 | Create | Villager (Male) |
| 13:28 | Create | Archer |
| 13:29 | Create | Archer |
| 13:46 | Build | Farm |
| 13:49 | Create | Archer |
| 13:49 | Create | Archer |
| 14:00 | Build | Farm |
| 14:12 | Create | Archer |
| 14:12 | Create | Archer |
| 14:12 | Create | Villager (Male) |
| 14:53 | Create | Archer |
| 14:53 | Create | Archer |
| 15:11 | Create | Archer |
| 15:12 | Create | Archer |
| 15:12 | Create | Villager (Male) |
| 15:12 | Create | Villager (Male) |
| 15:12 | Create | Villager (Male) |
| 15:17 | Build | Farm |
| 15:18 | Build | Farm |
| 15:24 | Create | Archer |
| 15:29 | Create | Villager (Male) |
| 15:33 | Build | Farm |
| 15:38 | Create | Archer |
| 15:38 | Create | Archer |
| 15:49 | Create | Villager (Male) |
| 15:51 | Build | Farm |
| 15:54 | Create | Archer |
| 15:54 | Create | Archer |
| 16:15 | Create | Archer |
| 16:15 | Create | Archer |
| 16:16 | Build | Farm |
| 16:29 | Create | Archer |
| 16:29 | Create | Archer |
| 16:44 | Create | Villager (Male) |
| 17:02 | Create | Archer |
| 17:02 | Create | Archer |
| 17:07 | Create | Villager (Male) |
| 17:08 | Create | Villager (Male) |
| 17:08 | Create | Villager (Male) |
| 17:16 | Build | House |
| 17:16 | Build | House |
| 17:23 | Create | Villager (Male) |
| 17:25 | Build | House |
| 17:31 | Create | Archer |
| 17:31 | Create | Villager (Male) |
| 17:48 | Create | Archer |
| 17:48 | Create | Villager (Male) |
| 17:54 | Build | Farm |
| 17:59 | Build | Farm |
| 18:00 | Build | Farm |
| 18:22 | Create | Archer |
| 18:23 | Create | Villager (Male) |
| 18:52 | Create | Archer |
| 18:52 | Create | Archer |
| 18:53 | Create | Villager (Male) |
| 18:53 | Create | Villager (Male) |
| 18:56 | Create | Villager (Male) |
Build order — 血色浪漫99199
First 150 of 298 actions detected
| 0:01 | Create | Villager (Male) |
| 0:01 | Create | Villager (Male) |
| 0:02 | Create | Villager (Male) |
| 0:03 | Build | House |
| 0:04 | Build | House |
| 0:08 | Create | Villager (Male) |
| 1:25 | Create | Villager (Male) |
| 1:25 | Create | Villager (Male) |
| 2:00 | Build | Lumber Camp |
| 2:07 | Create | Villager (Male) |
| 2:07 | Create | Villager (Male) |
| 2:21 | Create | Villager (Male) |
| 2:47 | Create | Villager (Male) |
| 2:47 | Create | Villager (Male) |
| 3:15 | Create | Villager (Male) |
| 3:15 | Create | Villager (Male) |
| 3:17 | Build | House |
| 3:39 | Create | Villager (Male) |
| 3:39 | Create | Villager (Male) |
| 3:56 | Create | Villager (Male) |
| 4:30 | Create | Villager (Male) |
| 4:57 | Build | Mill |
| 5:03 | Create | Villager (Male) |
| 5:03 | Create | Villager (Male) |
| 5:21 | Create | Villager (Male) |
| 5:21 | Create | Villager (Male) |
| 5:31 | Research | Loom |
| 6:22 | Research | Feudal Age |
| 7:27 | Build | House |
| 7:40 | Build | Barracks |
| 7:49 | Create | Villager (Male) |
| 8:32 | Age | Feudal Age |
| 8:32 | Research | Double-Bit Axe |
| 8:33 | Research | Double-Bit Axe |
| 8:46 | Build | Stable |
| 8:49 | Create | Villager (Male) |
| 9:09 | Build | House |
| 9:18 | Create | Villager (Male) |
| 9:27 | Create | Scout Cavalry |
| 9:28 | Create | Scout Cavalry |
| 9:48 | Create | Villager (Male) |
| 9:57 | Build | House |
| 10:07 | Create | Villager (Male) |
| 10:17 | Create | Scout Cavalry |
| 10:38 | Build | Farm |
| 10:39 | Build | Farm |
| 10:48 | Build | Farm |
| 10:55 | Build | Farm |
| 10:56 | Create | Villager (Male) |
| 11:13 | Create | Villager (Male) |
| 11:15 | Build | Farm |
| 11:22 | Create | Scout Cavalry |
| 11:27 | Build | Farm |
| 11:30 | Build | Farm |
| 11:33 | Build | Farm |
| 11:39 | Create | Villager (Male) |
| 11:42 | Build | House |
| 11:57 | Create | Scout Cavalry |
| 12:32 | Create | Scout Cavalry |
| 12:35 | Create | Scout Cavalry |
| 13:02 | Create | Scout Cavalry |
| 13:14 | Create | Villager (Male) |
| 13:21 | Create | Villager (Male) |
| 13:23 | Build | Farm |
| 13:24 | Build | Farm |
| 13:40 | Create | Villager (Male) |
| 13:54 | Create | Scout Cavalry |
| 13:55 | Create | Villager (Male) |
| 13:58 | Build | Mill |
| 14:02 | Build | Blacksmith |
| 14:25 | Create | Scout Cavalry |
| 14:44 | Create | Scout Cavalry |
| 14:45 | Create | Villager (Male) |
| 14:48 | Build | Farm |
| 14:50 | Build | Farm |
| 14:50 | Build | Farm |
| 14:52 | Build | Lumber Camp |
| 15:09 | Create | Scout Cavalry |
| 15:14 | Build | Farm |
| 15:20 | Create | Villager (Male) |
| 15:31 | Create | Villager (Male) |
| 15:50 | Create | Villager (Male) |
| 15:55 | Build | Stable |
| 16:01 | Create | Scout Cavalry |
| 16:29 | Create | Scout Cavalry |
| 16:42 | Create | Scout Cavalry |
| 16:45 | Create | Villager (Male) |
| 16:47 | Build | Farm |
| 16:51 | Build | Farm |
| 17:02 | Create | Scout Cavalry |
| 17:03 | Build | House |
| 17:23 | Create | Villager (Male) |
| 17:29 | Build | Farm |
| 17:31 | Build | Farm |
| 17:33 | Build | Farm |
| 17:34 | Build | Farm |
| 17:35 | Create | Scout Cavalry |
| 17:54 | Create | Villager (Male) |
| 18:17 | Create | Scout Cavalry |
| 18:30 | Create | Scout Cavalry |
| 18:34 | Create | Scout Cavalry |
| 18:43 | Create | Scout Cavalry |
| 18:48 | Create | Villager (Male) |
| 18:58 | Create | Villager (Male) |
| 19:08 | Create | Scout Cavalry |
| 19:11 | Build | Farm |
| 19:14 | Build | Farm |
| 19:15 | Build | Farm |
| 19:15 | Create | Villager (Male) |
| 19:27 | Build | Farm |
| 19:28 | Build | Mill |
| 19:32 | Build | Farm |
| 19:33 | Build | Farm |
| 19:34 | Build | Farm |
| 19:36 | Create | Scout Cavalry |
| 19:36 | Create | Scout Cavalry |
| 19:41 | Build | Lumber Camp |
| 19:48 | Research | Town Watch |
| 19:53 | Build | House |
| 19:54 | Build | House |
| 20:02 | Create | Scout Cavalry |
| 20:06 | Create | Villager (Male) |
| 20:12 | Build | Farm |
| 20:13 | Build | Farm |
| 20:15 | Create | Scout Cavalry |
| 20:16 | Create | Scout Cavalry |
| 20:28 | Build | Farm |
| 20:29 | Build | Farm |
| 20:31 | Create | Villager (Male) |
| 20:33 | Create | Scout Cavalry |
| 20:34 | Create | Scout Cavalry |
| 20:46 | Research | Scale Barding Armor |
| 20:51 | Create | Villager (Male) |
| 21:15 | Build | Watch Tower |
| 21:25 | Create | Scout Cavalry |
| 21:27 | Create | Scout Cavalry |
| 21:44 | Create | Scout Cavalry |
| 21:56 | Create | Scout Cavalry |
| 21:57 | Create | Scout Cavalry |
| 22:03 | Create | Scout Cavalry |
| 22:13 | Create | Scout Cavalry |
| 22:30 | Create | Villager (Male) |
| 22:37 | Create | Villager (Male) |
| 22:41 | Research | Wheelbarrow |
| 23:06 | Build | Market |
| 23:17 | Research | Horse Collar |
| 23:36 | Create | Villager (Male) |
| 24:07 | Build | House |
| 24:13 | Create | Villager (Male) |
| 24:23 | Create | Scout Cavalry |
Build order — 白龍
First 150 of 541 actions detected
| 0:00 | Create | Villager (Male) |
| 0:00 | Create | Villager (Male) |
| 0:01 | Create | Villager (Male) |
| 0:02 | Build | House |
| 0:03 | Build | House |
| 0:23 | Create | Villager (Male) |
| 0:30 | Create | Villager (Male) |
| 0:31 | Create | Villager (Male) |
| 1:31 | Create | Villager (Male) |
| 1:56 | Build | Lumber Camp |
| 2:08 | Create | Villager (Male) |
| 2:09 | Create | Villager (Male) |
| 2:34 | Create | Villager (Male) |
| 2:38 | Create | Villager (Male) |
| 2:38 | Create | Villager (Male) |
| 2:58 | Build | House |
| 2:59 | Build | House |
| 3:31 | Create | Villager (Male) |
| 3:31 | Create | Villager (Male) |
| 3:43 | Build | Mill |
| 3:49 | Create | Villager (Male) |
| 3:50 | Create | Villager (Male) |
| 4:32 | Create | Villager (Male) |
| 4:33 | Create | Villager (Male) |
| 4:33 | Create | Villager (Male) |
| 5:03 | Create | Villager (Male) |
| 5:03 | Create | Villager (Male) |
| 5:03 | Create | Villager (Male) |
| 5:30 | Create | Villager (Male) |
| 6:11 | Create | Villager (Male) |
| 6:31 | Build | Mill |
| 6:49 | Create | Villager (Male) |
| 7:08 | Research | Feudal Age |
| 7:45 | Build | Barracks |
| 7:49 | Create | Villager (Male) |
| 8:47 | Build | House |
| 9:16 | Age | Feudal Age |
| 9:20 | Build | Stable |
| 9:24 | Build | Palisade Wall |
| 9:25 | Research | Double-Bit Axe |
| 9:29 | Create | Villager (Male) |
| 9:35 | Research | Horse Collar |
| 9:44 | Build | House |
| 9:53 | Create | Villager (Male) |
| 10:00 | Create | Scout Cavalry |
| 10:01 | Create | Scout Cavalry |
| 10:01 | Create | Scout Cavalry |
| 10:01 | Create | Scout Cavalry |
| 10:05 | Create | Villager (Male) |
| 10:08 | Build | Farm |
| 10:10 | Build | Farm |
| 10:17 | Create | Villager (Male) |
| 10:36 | Create | Scout Cavalry |
| 10:43 | Build | House |
| 10:45 | Build | Palisade Wall |
| 10:45 | Build | Palisade Wall |
| 10:49 | Build | Palisade Wall |
| 10:50 | Create | Villager (Male) |
| 10:52 | Build | Farm |
| 11:04 | Build | Farm |
| 11:20 | Create | Scout Cavalry |
| 11:20 | Create | Villager (Male) |
| 11:29 | Build | Farm |
| 11:43 | Build | Farm |
| 11:45 | Build | Farm |
| 11:54 | Build | House |
| 11:54 | Create | Villager (Male) |
| 12:10 | Build | Farm |
| 12:18 | Create | Villager (Male) |
| 12:20 | Build | Farm |
| 12:26 | Create | Scout Cavalry |
| 12:26 | Create | Scout Cavalry |
| 12:32 | Build | Farm |
| 12:38 | Build | Farm |
| 12:43 | Create | Villager (Male) |
| 12:47 | Build | Farm |
| 12:52 | Create | Scout Cavalry |
| 13:03 | Create | Villager (Male) |
| 13:16 | Create | Scout Cavalry |
| 13:35 | Create | Villager (Male) |
| 13:35 | Create | Villager (Male) |
| 13:38 | Build | Farm |
| 13:41 | Build | Farm |
| 13:42 | Build | Farm |
| 13:46 | Create | Villager (Male) |
| 13:52 | Research | Loom |
| 13:57 | Create | Scout Cavalry |
| 14:01 | Build | Farm |
| 14:14 | Build | Farm |
| 14:16 | Build | Farm |
| 14:23 | Create | Scout Cavalry |
| 14:40 | Create | Scout Cavalry |
| 14:42 | Create | Villager (Male) |
| 14:54 | Build | Blacksmith |
| 14:58 | Create | Villager (Male) |
| 15:17 | Create | Scout Cavalry |
| 15:24 | Build | Lumber Camp |
| 15:29 | Create | Villager (Male) |
| 15:34 | Create | Scout Cavalry |
| 15:37 | Create | Villager (Male) |
| 15:46 | Create | Villager (Male) |
| 15:50 | Build | House |
| 15:56 | Research | Scale Barding Armor |
| 16:20 | Build | Mining Camp |
| 16:24 | Create | Scout Cavalry |
| 16:27 | Research | Forging |
| 16:36 | Build | House |
| 16:36 | Create | Villager (Male) |
| 16:42 | Create | Villager (Male) |
| 16:49 | Build | Farm |
| 16:51 | Build | Farm |
| 16:51 | Build | Farm |
| 16:59 | Build | House |
| 17:11 | Create | Scout Cavalry |
| 17:21 | Create | Scout Cavalry |
| 17:24 | Build | Stable |
| 17:30 | Create | Scout Cavalry |
| 17:33 | Create | Villager (Male) |
| 17:46 | Create | Villager (Male) |
| 17:52 | Create | Scout Cavalry |
| 17:52 | Create | Scout Cavalry |
| 17:58 | Research | Bloodlines |
| 18:03 | Build | House |
| 18:08 | Create | Scout Cavalry |
| 18:18 | Create | Villager (Male) |
| 18:24 | Build | Farm |
| 18:25 | Build | Farm |
| 18:26 | Build | Farm |
| 18:30 | Create | Scout Cavalry |
| 18:33 | Build | Stable |
| 18:42 | Create | Villager (Male) |
| 18:48 | Create | Villager (Male) |
| 18:51 | Build | Farm |
| 19:04 | Create | Scout Cavalry |
| 19:06 | Build | House |
| 19:16 | Build | Farm |
| 19:21 | Create | Scout Cavalry |
| 19:22 | Create | Villager (Male) |
| 19:34 | Create | Scout Cavalry |
| 19:34 | Create | Scout Cavalry |
| 19:46 | Create | Villager (Male) |
| 19:48 | Build | House |
| 19:51 | Create | Scout Cavalry |
| 19:51 | Create | Scout Cavalry |
| 19:56 | Build | Farm |
| 19:57 | Build | Farm |
| 19:59 | Create | Scout Cavalry |
| 20:00 | Create | Scout Cavalry |
| 20:06 | Build | Farm |
| 20:10 | Create | Villager (Male) |
Build order — Hágamelo Llegar
First 150 of 363 actions detected
| 0:01 | Research | Loom |
| 0:01 | Research | Loom |
| 0:06 | Build | House |
| 0:09 | Build | House |
| 0:24 | Create | Villager (Male) |
| 0:27 | Create | Villager (Male) |
| 0:31 | Create | Villager (Male) |
| 1:25 | Create | Villager (Male) |
| 1:25 | Create | Villager (Male) |
| 2:11 | Create | Villager (Male) |
| 2:12 | Create | Villager (Male) |
| 2:20 | Build | Lumber Camp |
| 3:02 | Create | Villager (Male) |
| 3:02 | Create | Villager (Male) |
| 3:06 | Build | House |
| 3:09 | Build | House |
| 3:34 | Create | Villager (Male) |
| 3:48 | Create | Villager (Male) |
| 3:48 | Create | Villager (Male) |
| 4:40 | Create | Villager (Male) |
| 5:03 | Create | Villager (Male) |
| 5:03 | Create | Villager (Male) |
| 5:33 | Create | Villager (Male) |
| 5:52 | Create | Villager (Male) |
| 6:04 | Build | Mining Camp |
| 6:11 | Create | Villager (Male) |
| 6:47 | Create | Villager (Male) |
| 7:23 | Create | Villager (Male) |
| 7:26 | Research | Feudal Age |
| 7:26 | Research | Feudal Age |
| 7:32 | Build | Palisade Wall |
| 8:06 | Build | Barracks |
| 9:05 | Create | Villager (Male) |
| 9:05 | Create | Villager (Male) |
| 9:22 | Build | House |
| 9:36 | Age | Feudal Age |
| 9:41 | Build | Archery Range |
| 9:44 | Research | Double-Bit Axe |
| 10:15 | Build | Archery Range |
| 10:24 | Create | Villager (Male) |
| 10:35 | Create | Archer |
| 10:46 | Create | Villager (Male) |
| 10:59 | Create | Archer |
| 11:03 | Build | Blacksmith |
| 11:09 | Create | Villager (Male) |
| 11:14 | Create | Archer |
| 11:28 | Build | House |
| 11:31 | Create | Archer |
| 11:42 | Create | Villager (Male) |
| 11:52 | Research | Fletching |
| 11:56 | Build | Mill |
| 12:07 | Build | House |
| 12:08 | Create | Archer |
| 12:19 | Create | Villager (Male) |
| 12:19 | Create | Villager (Male) |
| 12:39 | Build | Palisade Wall |
| 12:40 | Create | Villager (Male) |
| 12:46 | Build | Palisade Wall |
| 12:50 | Build | Palisade Wall |
| 12:51 | Create | Archer |
| 12:59 | Build | Farm |
| 13:01 | Build | Farm |
| 13:03 | Build | Farm |
| 13:08 | Create | Archer |
| 13:20 | Create | Villager (Male) |
| 13:31 | Build | Farm |
| 13:33 | Create | Archer |
| 13:40 | Create | Villager (Male) |
| 13:40 | Create | Villager (Male) |
| 13:43 | Build | Farm |
| 13:55 | Create | Villager (Male) |
| 13:58 | Build | Farm |
| 14:01 | Build | House |
| 14:34 | Create | Archer |
| 14:35 | Create | Villager (Male) |
| 15:09 | Create | Archer |
| 15:10 | Create | Archer |
| 15:17 | Build | House |
| 15:23 | Build | Market |
| 15:23 | Create | Villager (Male) |
| 15:24 | Create | Villager (Male) |
| 15:26 | Build | Farm |
| 15:30 | Create | Archer |
| 15:30 | Create | Archer |
| 15:46 | Build | Farm |
| 15:47 | Create | Villager (Male) |
| 15:50 | Build | Farm |
| 15:52 | Build | Farm |
| 16:03 | Create | Archer |
| 16:16 | Build | House |
| 16:35 | Create | Archer |
| 16:35 | Create | Archer |
| 16:37 | Research | Padded Archer Armor |
| 16:37 | Research | Padded Archer Armor |
| 16:41 | Build | Palisade Wall |
| 16:56 | Create | Archer |
| 17:04 | Create | Archer |
| 17:12 | Create | Archer |
| 17:12 | Create | Archer |
| 17:26 | Create | Archer |
| 17:27 | Create | Villager (Male) |
| 17:27 | Create | Villager (Male) |
| 17:28 | Create | Villager (Male) |
| 17:40 | Create | Archer |
| 17:52 | Build | House |
| 17:53 | Create | Villager (Male) |
| 17:55 | Build | House |
| 18:11 | Create | Villager (Male) |
| 18:42 | Create | Archer |
| 18:42 | Create | Archer |
| 18:59 | Build | House |
| 19:04 | Build | House |
| 19:11 | Create | Archer |
| 19:11 | Create | Archer |
| 19:21 | Build | House |
| 19:25 | Build | House |
| 19:35 | Build | Mining Camp |
| 19:39 | Build | Palisade Wall |
| 19:47 | Create | Archer |
| 19:47 | Create | Archer |
| 20:02 | Create | Villager (Male) |
| 20:02 | Create | Villager (Male) |
| 20:45 | Research | Castle Age |
| 20:46 | Research | Castle Age |
| 20:49 | Create | Archer |
| 20:49 | Create | Archer |
| 20:53 | Build | Outpost |
| 21:04 | Build | Palisade Wall |
| 21:11 | Build | Farm |
| 21:29 | Build | Archery Range |
| 21:36 | Build | Lumber Camp |
| 21:45 | Create | Archer |
| 21:49 | Create | Villager (Male) |
| 21:49 | Create | Villager (Male) |
| 22:01 | Research | Horse Collar |
| 22:01 | Research | Horse Collar |
| 22:11 | Create | Archer |
| 22:38 | Create | Archer |
| 22:38 | Create | Archer |
| 22:52 | Build | Lumber Camp |
| 22:58 | Create | Archer |
| 23:18 | Create | Villager (Male) |
| 23:31 | Create | Archer |
| 23:31 | Create | Archer |
| 23:32 | Age | Castle Age |
| 23:40 | Research | Bodkin Arrow |
| 23:40 | Research | Bodkin Arrow |
| 23:45 | Create | Villager (Male) |
| 23:48 | Build | Farm |
| 23:50 | Build | Farm |
Build order — Okan1080
First 150 of 586 actions detected
| 0:01 | Create | Villager (Male) ×4 |
| 0:03 | Build | House |
| 0:04 | Build | House |
| 1:25 | Create | Villager (Male) |
| 1:26 | Create | Villager (Male) |
| 1:50 | Create | Villager (Male) |
| 1:50 | Create | Villager (Male) |
| 1:52 | Build | Lumber Camp |
| 2:22 | Create | Villager (Male) |
| 2:22 | Create | Villager (Male) |
| 2:46 | Create | Villager (Male) |
| 2:46 | Create | Villager (Male) |
| 3:13 | Create | Villager (Male) |
| 3:13 | Create | Villager (Male) |
| 3:20 | Build | House |
| 3:23 | Create | Villager (Male) |
| 3:24 | Create | Villager (Male) |
| 3:37 | Create | Villager (Male) |
| 3:38 | Create | Villager (Male) |
| 4:12 | Create | Villager (Male) |
| 4:13 | Create | Villager (Male) |
| 4:14 | Create | Villager (Male) |
| 4:44 | Create | Villager (Male) |
| 4:44 | Create | Villager (Male) |
| 4:49 | Build | Mill |
| 5:03 | Create | Villager (Male) |
| 5:04 | Create | Villager (Male) |
| 5:18 | Create | Villager (Male) |
| 5:19 | Create | Villager (Male) |
| 6:23 | Research | Loom |
| 6:48 | Research | Feudal Age |
| 7:19 | Build | Barracks |
| 7:33 | Build | Palisade Gate |
| 8:20 | Create | Villager (Male) |
| 8:28 | Build | Palisade Wall |
| 9:16 | Build | Palisade Wall |
| 9:17 | Age | Feudal Age |
| 9:20 | Build | Stable |
| 9:23 | Research | Double-Bit Axe |
| 9:24 | Research | Horse Collar |
| 9:25 | Create | Villager (Male) |
| 9:39 | Create | Villager (Male) |
| 9:46 | Build | House |
| 9:47 | Build | House |
| 9:51 | Create | Villager (Male) |
| 10:09 | Create | Scout Cavalry ×2 |
| 10:21 | Build | House |
| 10:42 | Build | Palisade Wall |
| 10:46 | Build | Palisade Wall |
| 10:50 | Create | Villager (Male) |
| 10:51 | Create | Scout Cavalry |
| 10:55 | Build | Farm |
| 10:55 | Build | Farm |
| 10:56 | Build | Farm |
| 10:56 | Build | Farm |
| 11:12 | Create | Villager (Male) |
| 11:16 | Build | Farm |
| 11:23 | Create | Villager (Male) |
| 11:37 | Create | Scout Cavalry |
| 11:41 | Build | Farm |
| 11:45 | Create | Villager (Male) |
| 11:52 | Build | Farm |
| 11:57 | Create | Scout Cavalry |
| 12:10 | Create | Villager (Male) |
| 12:13 | Build | Farm |
| 12:25 | Create | Villager (Male) |
| 12:25 | Create | Villager (Male) |
| 12:29 | Build | Mill |
| 12:36 | Create | Scout Cavalry |
| 12:37 | Create | Villager (Male) |
| 12:46 | Create | Villager (Male) |
| 12:46 | Create | Villager (Male) |
| 13:03 | Build | Blacksmith |
| 13:13 | Create | Scout Cavalry |
| 13:18 | Create | Villager (Male) |
| 13:25 | Create | Villager (Male) |
| 13:28 | Build | Farm |
| 13:28 | Build | Farm |
| 13:28 | Build | Farm |
| 13:50 | Build | Farm |
| 13:50 | Build | Farm |
| 13:50 | Build | Farm |
| 13:51 | Build | Farm |
| 13:51 | Build | Farm |
| 13:51 | Create | Villager (Male) |
| 13:52 | Create | Villager (Male) |
| 13:59 | Create | Villager (Male) |
| 14:10 | Create | Scout Cavalry ×2 |
| 14:15 | Build | House |
| 14:16 | Build | Palisade Wall |
| 14:17 | Build | Palisade Wall |
| 14:25 | Build | Farm |
| 14:25 | Build | Farm |
| 14:25 | Build | Farm |
| 14:26 | Build | Farm |
| 14:26 | Build | Farm |
| 14:26 | Build | Farm |
| 14:27 | Create | Villager (Male) ×3 |
| 14:37 | Research | Forging |
| 14:42 | Create | Villager (Male) |
| 14:42 | Create | Villager (Male) |
| 14:47 | Build | Farm |
| 14:56 | Create | Villager (Male) |
| 15:00 | Create | Villager (Male) |
| 15:06 | Create | Scout Cavalry ×2 |
| 15:06 | Create | Scout Cavalry ×2 |
| 16:00 | Create | Villager (Male) |
| 16:04 | Build | House |
| 16:06 | Build | House |
| 16:06 | Build | House |
| 16:07 | Build | House |
| 16:07 | Build | House |
| 16:15 | Create | Villager (Male) |
| 16:18 | Build | Mining Camp |
| 16:26 | Research | Scale Barding Armor |
| 16:29 | Create | Villager (Male) |
| 16:43 | Build | Farm |
| 16:53 | Build | Market |
| 17:10 | Research | Bloodlines |
| 17:11 | Research | Bloodlines |
| 17:11 | Research | Bloodlines |
| 17:12 | Create | Villager (Male) |
| 17:12 | Create | Villager (Male) |
| 17:47 | Build | Mill |
| 18:00 | Build | Farm |
| 18:00 | Build | Farm |
| 18:00 | Build | Farm |
| 18:01 | Build | Farm |
| 18:15 | Create | Villager (Male) |
| 18:15 | Create | Villager (Male) |
| 18:22 | Build | Farm |
| 18:22 | Build | Farm |
| 18:22 | Build | Farm |
| 18:49 | Build | Farm |
| 18:55 | Research | Castle Age |
| 18:55 | Research | Castle Age |
| 19:06 | Build | Mining Camp |
| 19:26 | Build | Palisade Wall |
| 20:07 | Build | Stable |
| 20:29 | Build | Palisade Wall |
| 20:33 | Research | Gold Mining |
| 20:35 | Create | Scout Cavalry ×5 |
| 21:27 | Create | Scout Cavalry |
| 21:45 | Age | Castle Age |
| 21:47 | Create | Villager (Male) |
| 21:53 | Create | Knight |
| 21:53 | Create | Knight |
| 21:54 | Research | Bow Saw |
| 21:54 | Research | Bow Saw |
| 21:55 | Research | Heavy Plow |
Build order — OnlyOuOb
First 150 of 568 actions detected
| 0:02 | Create | Villager (Male) |
| 0:03 | Create | Villager (Male) |
| 0:04 | Build | House |
| 0:05 | Build | House |
| 0:08 | Create | Villager (Male) |
| 0:09 | Create | Villager (Male) |
| 1:40 | Create | Villager (Male) |
| 1:55 | Build | Lumber Camp |
| 2:01 | Create | Villager (Male) |
| 2:39 | Create | Villager (Male) |
| 2:39 | Create | Villager (Male) |
| 3:10 | Create | Villager (Male) |
| 3:24 | Build | House |
| 3:26 | Build | House |
| 3:30 | Create | Villager (Male) |
| 4:07 | Create | Villager (Male) |
| 4:11 | Create | Villager (Male) |
| 4:36 | Create | Villager (Male) |
| 4:45 | Build | Mill |
| 4:50 | Create | Villager (Male) |
| 4:52 | Create | Villager (Male) |
| 5:05 | Research | Loom |
| 5:13 | Create | Villager (Male) |
| 5:13 | Research | Loom |
| 5:32 | Create | Villager (Male) |
| 7:18 | Research | Feudal Age |
| 7:33 | Build | Barracks |
| 8:30 | Build | Mill |
| 8:32 | Build | House |
| 9:28 | Age | Feudal Age |
| 9:36 | Create | Villager (Male) |
| 9:42 | Build | Stable |
| 9:53 | Create | Villager (Male) |
| 9:56 | Research | Double-Bit Axe |
| 10:26 | Create | Scout Cavalry |
| 10:26 | Create | Scout Cavalry |
| 10:27 | Create | Villager (Male) |
| 10:32 | Build | Farm |
| 10:39 | Build | House |
| 10:40 | Create | Villager (Male) |
| 10:47 | Create | Scout Cavalry |
| 11:03 | Create | Villager (Male) |
| 11:03 | Create | Villager (Male) |
| 11:05 | Build | Farm |
| 11:08 | Build | House |
| 11:10 | Build | Palisade Wall |
| 11:12 | Build | Palisade Wall |
| 11:21 | Create | Scout Cavalry |
| 11:25 | Create | Villager (Male) |
| 11:27 | Build | Blacksmith |
| 11:33 | Build | Farm |
| 11:35 | Create | Scout Cavalry |
| 12:01 | Create | Scout Cavalry |
| 12:04 | Build | Farm |
| 12:23 | Create | Scout Cavalry |
| 12:37 | Create | Scout Cavalry |
| 12:41 | Create | Villager (Male) |
| 12:43 | Build | House |
| 12:47 | Research | Scale Barding Armor |
| 12:47 | Research | Scale Barding Armor |
| 13:01 | Create | Scout Cavalry |
| 13:17 | Create | Villager (Male) |
| 13:18 | Build | Farm |
| 13:19 | Build | Farm |
| 13:19 | Build | Farm |
| 13:19 | Build | Farm |
| 13:21 | Build | Farm |
| 13:28 | Create | Villager (Male) |
| 13:45 | Build | Farm |
| 13:50 | Create | Scout Cavalry |
| 13:53 | Build | House |
| 13:54 | Build | Palisade Wall |
| 14:07 | Create | Scout Cavalry |
| 14:16 | Create | Villager (Male) |
| 14:42 | Create | Scout Cavalry |
| 14:43 | Create | Villager (Male) |
| 14:47 | Create | Villager (Male) |
| 14:50 | Build | Farm |
| 14:51 | Build | Farm |
| 14:51 | Build | Farm |
| 14:52 | Build | Farm |
| 14:56 | Create | Villager (Male) |
| 15:03 | Create | Villager (Male) |
| 15:17 | Create | Scout Cavalry |
| 15:19 | Create | Scout Cavalry |
| 15:30 | Build | Farm |
| 15:30 | Build | Farm |
| 15:30 | Build | Farm |
| 15:33 | Build | Palisade Wall |
| 15:36 | Create | Villager (Male) |
| 15:41 | Build | Farm |
| 15:54 | Create | Villager (Male) |
| 15:55 | Create | Villager (Male) |
| 16:10 | Build | Farm |
| 16:12 | Build | Farm |
| 16:17 | Create | Scout Cavalry |
| 16:30 | Create | Villager (Male) |
| 16:36 | Create | Villager (Male) |
| 16:42 | Create | Villager (Male) |
| 16:43 | Build | Farm |
| 16:46 | Build | Palisade Wall |
| 16:50 | Build | Palisade Wall |
| 16:52 | Build | Palisade Wall |
| 16:56 | Create | Villager (Male) |
| 16:59 | Create | Scout Cavalry |
| 16:59 | Create | Scout Cavalry |
| 17:14 | Create | Scout Cavalry |
| 17:14 | Create | Villager (Male) |
| 17:23 | Create | Villager (Male) |
| 17:25 | Build | Farm |
| 17:25 | Build | Farm |
| 17:47 | Create | Scout Cavalry |
| 17:53 | Create | Scout Cavalry |
| 17:55 | Build | Farm |
| 18:07 | Create | Scout Cavalry |
| 18:26 | Create | Scout Cavalry |
| 18:35 | Create | Villager (Male) |
| 18:36 | Create | Villager (Male) |
| 18:36 | Create | Villager (Male) |
| 18:38 | Create | Villager (Male) |
| 18:39 | Build | Lumber Camp |
| 18:43 | Create | Scout Cavalry |
| 18:50 | Create | Villager (Male) |
| 19:07 | Create | Villager (Male) |
| 19:09 | Create | Villager (Male) |
| 19:12 | Build | Farm |
| 19:14 | Build | Farm |
| 19:14 | Build | Farm |
| 19:34 | Create | Scout Cavalry |
| 19:37 | Create | Villager (Male) |
| 19:40 | Build | House |
| 19:41 | Build | House |
| 19:41 | Build | House |
| 19:59 | Create | Villager (Male) |
| 20:13 | Research | Wheelbarrow |
| 20:19 | Build | Mining Camp |
| 20:33 | Build | House |
| 20:44 | Create | Villager (Male) |
| 21:33 | Create | Villager (Male) |
| 21:34 | Build | House |
| 21:59 | Create | Villager (Male) |
| 22:05 | Create | Scout Cavalry |
| 22:05 | Create | Scout Cavalry |
| 22:05 | Create | Scout Cavalry |
| 22:14 | Research | Forging |
| 22:25 | Research | Castle Age |
| 22:32 | Create | Scout Cavalry |
| 22:46 | Build | Stable |
| 22:49 | Create | Scout Cavalry |
| 22:56 | Create | Scout Cavalry |
Build order — FalconElPardal
First 150 of 365 actions detected
| 0:01 | Create | Villager (Male) |
| 0:01 | Create | Villager (Male) |
| 0:01 | Create | Villager (Male) |
| 0:01 | Create | Villager (Male) |
| 1:20 | Create | Villager (Male) |
| 1:20 | Create | Villager (Male) |
| 1:50 | Create | Villager (Male) |
| 1:54 | Build | Lumber Camp |
| 2:06 | Create | Villager (Male) |
| 2:36 | Create | Villager (Male) |
| 2:37 | Create | Villager (Male) |
| 2:52 | Create | Villager (Male) |
| 2:52 | Create | Villager (Male) |
| 3:35 | Create | Villager (Male) |
| 3:39 | Create | Villager (Male) |
| 3:39 | Create | Villager (Male) |
| 3:39 | Create | Villager (Male) |
| 4:21 | Create | Villager (Male) |
| 4:21 | Create | Villager (Male) |
| 4:22 | Create | Villager (Male) |
| 4:47 | Create | Villager (Male) |
| 4:47 | Create | Villager (Male) |
| 4:48 | Create | Villager (Male) |
| 5:05 | Create | Villager (Male) |
| 5:06 | Create | Villager (Male) |
| 5:24 | Build | Mill |
| 5:35 | Research | Loom |
| 6:42 | Research | Feudal Age |
| 6:45 | Build | Mining Camp |
| 7:47 | Create | Villager (Male) |
| 7:52 | Build | Barracks |
| 8:52 | Age | Feudal Age |
| 8:55 | Build | Archery Range |
| 9:14 | Create | Villager (Male) |
| 9:40 | Build | Archery Range |
| 9:43 | Create | Villager (Male) |
| 9:56 | Create | Archer |
| 10:01 | Create | Villager (Male) |
| 10:19 | Create | Archer |
| 10:20 | Create | Archer |
| 10:26 | Create | Villager (Male) |
| 10:45 | Build | Blacksmith |
| 10:47 | Create | Villager (Male) |
| 11:02 | Create | Archer |
| 11:03 | Create | Archer |
| 11:14 | Create | Villager (Male) |
| 11:31 | Research | Fletching |
| 11:45 | Build | Mill |
| 11:46 | Create | Villager (Male) |
| 11:52 | Create | Archer |
| 12:02 | Create | Villager (Male) |
| 12:21 | Create | Villager (Male) |
| 12:26 | Create | Archer |
| 12:26 | Create | Archer |
| 12:40 | Build | Farm |
| 12:42 | Build | Farm |
| 12:42 | Create | Villager (Male) |
| 12:45 | Create | Archer |
| 12:45 | Create | Archer |
| 12:50 | Build | Palisade Wall |
| 13:01 | Create | Archer |
| 13:02 | Create | Archer |
| 13:13 | Create | Archer |
| 13:13 | Create | Archer |
| 13:34 | Create | Archer |
| 13:34 | Create | Archer |
| 13:36 | Create | Villager (Male) |
| 13:48 | Research | Double-Bit Axe |
| 13:51 | Create | Archer |
| 13:51 | Create | Archer |
| 14:07 | Create | Villager (Male) |
| 14:07 | Create | Villager (Male) |
| 14:13 | Create | Archer |
| 14:24 | Build | Farm |
| 14:26 | Create | Villager (Male) |
| 14:27 | Build | Farm |
| 14:29 | Create | Archer |
| 14:30 | Create | Archer |
| 14:30 | Create | Archer |
| 14:50 | Create | Archer |
| 14:50 | Create | Archer |
| 15:00 | Create | Villager (Male) |
| 15:02 | Build | Farm |
| 15:04 | Create | Archer |
| 15:04 | Create | Archer |
| 15:16 | Create | Archer |
| 15:20 | Create | Villager (Male) |
| 15:23 | Build | Farm |
| 15:32 | Research | Padded Archer Armor |
| 15:49 | Create | Archer |
| 15:49 | Create | Archer |
| 15:51 | Create | Villager (Male) |
| 16:02 | Build | Farm |
| 16:04 | Build | Farm |
| 16:07 | Create | Archer |
| 16:18 | Create | Archer |
| 16:18 | Create | Archer |
| 16:22 | Create | Villager (Male) |
| 16:23 | Create | Villager (Male) |
| 16:38 | Build | Farm |
| 16:51 | Build | Lumber Camp |
| 17:02 | Create | Villager (Male) |
| 17:11 | Create | Archer |
| 17:11 | Create | Archer |
| 17:27 | Create | Villager (Male) |
| 17:28 | Build | Farm |
| 17:39 | Create | Archer |
| 17:40 | Create | Archer |
| 17:45 | Create | Archer |
| 17:45 | Create | Archer |
| 17:57 | Create | Villager (Male) |
| 17:59 | Build | Farm |
| 18:03 | Create | Archer |
| 18:03 | Create | Archer |
| 18:19 | Create | Villager (Male) |
| 18:23 | Build | Farm |
| 18:26 | Build | Farm |
| 18:30 | Create | Archer |
| 18:30 | Create | Archer |
| 18:44 | Create | Villager (Male) |
| 18:46 | Build | Lumber Camp |
| 18:51 | Create | Archer |
| 19:22 | Create | Villager (Male) |
| 19:23 | Create | Villager (Male) |
| 19:30 | Create | Archer |
| 19:31 | Create | Archer |
| 19:36 | Build | Farm |
| 19:38 | Build | Farm |
| 19:58 | Build | Mining Camp |
| 19:58 | Research | Castle Age |
| 20:11 | Build | Palisade Wall |
| 20:17 | Build | Palisade Wall |
| 20:24 | Build | Palisade Wall |
| 20:29 | Create | Archer |
| 20:30 | Create | Archer |
| 20:31 | Research | Gold Mining |
| 20:50 | Create | Archer |
| 21:04 | Create | Archer |
| 21:09 | Build | Palisade Wall |
| 21:12 | Build | Palisade Wall |
| 21:13 | Build | Palisade Wall |
| 21:15 | Build | Palisade Wall |
| 21:16 | Build | Palisade Wall |
| 21:20 | Build | Palisade Wall |
| 21:22 | Build | Palisade Wall |
| 21:23 | Build | Palisade Wall |
| 21:26 | Create | Archer |
| 21:33 | Create | Villager (Male) |
| 21:35 | Create | Archer |
| 21:35 | Create | Archer |
Build order — [TNT] KKKFFFFFFCC
First 150 of 346 actions detected
| 0:01 | Create | Villager (Male) |
| 0:01 | Create | Villager (Male) |
| 0:01 | Create | Villager (Male) |
| 0:02 | Build | House |
| 0:03 | Build | House |
| 0:04 | Create | Villager (Male) |
| 0:04 | Create | Villager (Male) |
| 1:33 | Create | Villager (Male) |
| 1:33 | Create | Villager (Male) |
| 1:58 | Create | Villager (Male) |
| 2:15 | Build | Lumber Camp |
| 2:30 | Create | Villager (Male) |
| 2:30 | Create | Villager (Male) |
| 2:45 | Create | Villager (Male) |
| 2:45 | Create | Villager (Male) |
| 3:14 | Create | Villager (Male) |
| 3:14 | Create | Villager (Male) |
| 3:37 | Create | Villager (Male) |
| 3:37 | Create | Villager (Male) |
| 3:50 | Build | House |
| 4:04 | Create | Villager (Male) |
| 4:04 | Create | Villager (Male) |
| 4:33 | Create | Villager (Male) |
| 4:33 | Create | Villager (Male) |
| 4:41 | Create | Villager (Male) |
| 5:02 | Create | Villager (Male) |
| 5:40 | Create | Villager (Male) |
| 5:51 | Build | Mining Camp |
| 5:59 | Research | Loom |
| 5:59 | Research | Loom |
| 6:06 | Build | Palisade Gate |
| 6:49 | Research | Feudal Age |
| 6:50 | Research | Feudal Age |
| 7:29 | Build | House |
| 8:11 | Build | Barracks |
| 8:18 | Create | Villager (Male) |
| 8:18 | Create | Villager (Male) |
| 8:46 | Create | Villager (Male) |
| 8:59 | Age | Feudal Age |
| 9:06 | Build | Archery Range |
| 9:24 | Build | Archery Range |
| 9:31 | Create | Villager (Male) |
| 10:04 | Create | Archer |
| 10:07 | Create | Villager (Male) |
| 10:10 | Build | House |
| 10:15 | Build | Blacksmith |
| 10:21 | Build | Blacksmith |
| 10:23 | Build | House |
| 10:24 | Create | Archer |
| 10:25 | Create | Archer |
| 10:34 | Create | Villager (Male) |
| 10:52 | Create | Archer |
| 10:59 | Build | Mill |
| 11:03 | Create | Archer |
| 11:08 | Create | Archer |
| 11:21 | Research | Fletching |
| 11:21 | Research | Fletching |
| 11:54 | Create | Archer |
| 11:54 | Create | Archer |
| 12:18 | Create | Villager (Male) |
| 12:27 | Build | Palisade Gate |
| 12:29 | Create | Archer |
| 12:29 | Create | Archer |
| 12:35 | Build | House |
| 12:36 | Build | Palisade Wall |
| 12:56 | Create | Archer |
| 12:57 | Create | Archer |
| 13:03 | Build | Watch Tower |
| 13:11 | Create | Villager (Male) |
| 13:52 | Create | Villager (Male) |
| 13:53 | Create | Villager (Male) |
| 14:04 | Build | Farm |
| 14:04 | Build | Farm |
| 14:12 | Build | Palisade Wall |
| 14:14 | Build | Palisade Wall |
| 14:17 | Create | Archer |
| 14:17 | Create | Archer |
| 14:19 | Build | Palisade Wall |
| 14:21 | Build | Farm |
| 14:22 | Build | Farm |
| 14:41 | Build | Farm |
| 14:41 | Build | Farm |
| 14:42 | Create | Archer |
| 14:42 | Create | Archer |
| 14:53 | Build | Farm |
| 14:56 | Create | Archer |
| 14:56 | Create | Archer |
| 15:06 | Create | Villager (Male) |
| 15:15 | Build | House |
| 15:20 | Create | Archer |
| 15:24 | Build | Palisade Wall |
| 15:25 | Build | Palisade Wall |
| 15:29 | Build | House |
| 15:43 | Create | Archer |
| 15:46 | Create | Villager (Male) |
| 15:46 | Create | Villager (Male) |
| 16:03 | Create | Villager (Male) |
| 16:20 | Create | Archer |
| 16:20 | Create | Archer |
| 16:31 | Create | Villager (Male) |
| 17:07 | Create | Archer |
| 17:07 | Create | Archer |
| 17:07 | Create | Villager (Male) |
| 17:27 | Create | Villager (Male) |
| 17:38 | Create | Archer |
| 17:50 | Create | Archer |
| 17:51 | Create | Archer |
| 17:54 | Create | Villager (Male) |
| 18:00 | Build | Lumber Camp |
| 18:03 | Create | Villager (Male) |
| 18:07 | Build | Farm |
| 18:12 | Create | Archer |
| 18:12 | Create | Archer |
| 18:12 | Create | Archer |
| 18:20 | Build | House |
| 18:24 | Build | House |
| 18:27 | Create | Archer |
| 18:28 | Create | Archer |
| 18:31 | Create | Villager (Male) |
| 18:44 | Create | Villager (Male) |
| 19:21 | Create | Archer |
| 19:22 | Create | Archer |
| 19:27 | Build | Palisade Wall |
| 19:31 | Create | Villager (Male) |
| 19:33 | Create | Archer |
| 19:51 | Create | Archer |
| 19:51 | Create | Villager (Male) |
| 20:02 | Build | House |
| 20:03 | Build | Palisade Wall |
| 20:05 | Create | Villager (Male) |
| 20:10 | Build | Farm |
| 20:12 | Build | Farm |
| 20:21 | Create | Archer |
| 20:29 | Build | Farm |
| 20:30 | Build | Farm |
| 20:34 | Create | Villager (Male) |
| 20:37 | Create | Archer |
| 20:42 | Create | Archer |
| 20:47 | Build | House |
| 20:48 | Build | Palisade Wall |
| 20:55 | Create | Archer |
| 20:56 | Create | Villager (Male) |
| 21:14 | Create | Archer |
| 21:44 | Create | Archer |
| 21:45 | Create | Villager (Male) |
| 21:45 | Create | Villager (Male) |
| 22:22 | Create | Archer |
| 22:22 | Create | Archer |
| 22:24 | Create | Villager (Male) |
| 22:33 | Build | House |
Match timeline
| 7:19 | Okan1080 · first_building Barracks |
| 7:32 | Hágamelo Llegar · wall_segment Palisade Wall x1 |
| 7:33 | OnlyOuOb · first_building Barracks |
| 7:40 | 血色浪漫99199 · first_building Barracks |
| 7:45 | 白龍 · first_building Barracks |
| 7:52 | FalconElPardal · first_building Barracks |
| 8:06 | Hágamelo Llegar · first_building Barracks |
| 8:10 | 赦生童子 · first_building Barracks |
| 8:11 | [TNT] KKKFFFFFFCC · first_building Barracks |
| 8:28 | Okan1080 · wall_segment Palisade Wall x6 |
| 8:32 | 血色浪漫99199 · age_up feudal |
| 8:46 | 血色浪漫99199 · first_building Stable |
| 8:52 | FalconElPardal · age_up feudal |
| 8:55 | FalconElPardal · first_building Archery Range |
| 8:59 | [TNT] KKKFFFFFFCC · age_up feudal |
| 9:06 | [TNT] KKKFFFFFFCC · first_building Archery Range |
| 9:16 | Okan1080 · wall_segment Palisade Wall x2 |
| 9:16 | 白龍 · age_up feudal |
| 9:17 | Okan1080 · age_up feudal |
| 9:20 | Okan1080 · first_building Stable |
| 9:20 | 白龍 · first_building Stable |
| 9:24 | 白龍 · wall_segment Palisade Wall x10 |
| 9:28 | OnlyOuOb · age_up feudal |
| 9:36 | Hágamelo Llegar · age_up feudal |
| 9:40 | 赦生童子 · age_up feudal |
| 9:41 | Hágamelo Llegar · first_building Archery Range |
| 9:42 | OnlyOuOb · first_building Stable |
| 9:44 | 赦生童子 · first_building Archery Range |
| 9:58 | 赦生童子 · wall_segment Palisade Wall x5 |
| 10:42 | Okan1080 · wall_segment Palisade Wall x6 |
| 10:45 | 白龍 · wall_segment Palisade Wall x1 |
| 10:45 | 白龍 · wall_segment Palisade Wall x1 |
| 10:46 | Okan1080 · wall_segment Palisade Wall x7 |
| 10:49 | 白龍 · wall_segment Palisade Wall x1 |
| 11:10 | OnlyOuOb · wall_segment Palisade Wall x5 |
| 11:12 | OnlyOuOb · wall_segment Palisade Wall x1 |
| 12:36 | [TNT] KKKFFFFFFCC · wall_segment Palisade Wall x7 |
| 12:39 | Hágamelo Llegar · wall_segment Palisade Wall x9 |
| 12:46 | Hágamelo Llegar · wall_segment Palisade Wall x1 |
| 12:50 | Hágamelo Llegar · wall_segment Palisade Wall x6 |
| 12:50 | FalconElPardal · wall_segment Palisade Wall x10 |
| 13:01 | 赦生童子 · wall_segment Palisade Wall x6 |
| 13:54 | OnlyOuOb · wall_segment Palisade Wall x4 |
| 14:12 | [TNT] KKKFFFFFFCC · wall_segment Palisade Wall x1 |
| 14:14 | [TNT] KKKFFFFFFCC · wall_segment Palisade Wall x1 |
| 14:16 | Okan1080 · wall_segment Palisade Wall x4 |
| 14:17 | Okan1080 · wall_segment Palisade Wall x6 |
| 14:19 | [TNT] KKKFFFFFFCC · wall_segment Palisade Wall x3 |
| 15:24 | [TNT] KKKFFFFFFCC · wall_segment Palisade Wall x3 |
| 15:25 | [TNT] KKKFFFFFFCC · wall_segment Palisade Wall x3 |
| 15:33 | OnlyOuOb · wall_segment Palisade Wall x9 |
| 16:41 | Hágamelo Llegar · wall_segment Palisade Wall x1 |
| 16:46 | OnlyOuOb · wall_segment Palisade Wall x16 |
| 16:50 | OnlyOuOb · wall_segment Palisade Wall x7 |
| 16:52 | OnlyOuOb · wall_segment Palisade Wall x16 |
| 18:40 | Hágamelo Llegar · first_market_sell 100 wood |
| 19:26 | Okan1080 · wall_segment Palisade Wall x30 |
| 19:27 | [TNT] KKKFFFFFFCC · wall_segment Palisade Wall x2 |
| 19:39 | Hágamelo Llegar · wall_segment Palisade Wall x1 |
| 20:03 | [TNT] KKKFFFFFFCC · wall_segment Palisade Wall x4 |
| 20:11 | FalconElPardal · wall_segment Palisade Wall x8 |
| 20:17 | FalconElPardal · wall_segment Palisade Wall x6 |
| 20:24 | FalconElPardal · wall_segment Palisade Wall x18 |
| 20:29 | Okan1080 · wall_segment Palisade Wall x7 |
| 20:33 | 白龍 · wall_segment Palisade Wall x12 |
| 20:48 | [TNT] KKKFFFFFFCC · wall_segment Palisade Wall x3 |
| 21:04 | Hágamelo Llegar · wall_segment Palisade Wall x1 |
| 21:09 | FalconElPardal · wall_segment Palisade Wall x1 |
| 21:12 | FalconElPardal · wall_segment Palisade Wall x1 |
| 21:13 | FalconElPardal · wall_segment Palisade Wall x1 |
| 21:15 | FalconElPardal · wall_segment Palisade Wall x1 |
| 21:16 | FalconElPardal · wall_segment Palisade Wall x1 |
| 21:20 | FalconElPardal · wall_segment Palisade Wall x1 |
| 21:22 | FalconElPardal · wall_segment Palisade Wall x1 |
| 21:23 | FalconElPardal · wall_segment Palisade Wall x1 |
| 21:45 | Okan1080 · age_up castle |
| 21:49 | 白龍 · wall_segment Palisade Wall x15 |
| 22:36 | [TNT] KKKFFFFFFCC · wall_segment Palisade Wall x8 |
| 22:38 | FalconElPardal · age_up castle |
| 22:52 | 赦生童子 · age_up castle |
| 22:53 | Okan1080 · wall_segment Palisade Wall x1 |
| 23:03 | Okan1080 · wall_segment Palisade Wall x1 |
| 23:06 | Okan1080 · wall_segment Palisade Wall x1 |
| 23:18 | 白龍 · wall_segment Palisade Wall x5 |
| 23:32 | Hágamelo Llegar · age_up castle |
| 24:34 | Hágamelo Llegar · first_market_buy 100 food |
| 24:42 | 血色浪漫99199 · wall_segment Palisade Wall x1 |
| 24:43 | 血色浪漫99199 · wall_segment Palisade Wall x1 |
| 24:48 | 血色浪漫99199 · wall_segment Palisade Wall x1 |
| 25:05 | OnlyOuOb · age_up castle |
| 26:10 | [TNT] KKKFFFFFFCC · age_up castle |
| 26:15 | 白龍 · age_up castle |
| 26:25 | 血色浪漫99199 · first_market_sell 100 wood |
| 26:42 | [TNT] KKKFFFFFFCC · wall_segment Palisade Wall x4 |
| 26:47 | [TNT] KKKFFFFFFCC · wall_segment Palisade Wall x5 |
| 27:19 | FalconElPardal · wall_segment Palisade Wall x11 |
| 28:07 | Okan1080 · first_market_sell 100 stone |
| 28:52 | Okan1080 · wall_segment Palisade Wall x1 |
| 29:39 | FalconElPardal · wall_segment Palisade Wall x1 |
| 30:01 | 赦生童子 · first_building Siege Workshop |
| 30:02 | FalconElPardal · first_building Stable |
| 30:13 | FalconElPardal · wall_segment Palisade Wall x1 |
| 30:14 | FalconElPardal · wall_segment Palisade Wall x1 |
| 30:18 | FalconElPardal · wall_segment Stone Wall x1 |
| 30:19 | FalconElPardal · wall_segment Stone Wall x1 |
| 30:20 | FalconElPardal · wall_segment Stone Wall x1 |
| 30:21 | 血色浪漫99199 · age_up castle |
| 30:22 | FalconElPardal · wall_segment Stone Wall x1 |
| 30:23 | FalconElPardal · wall_segment Stone Wall x1 |
| 30:27 | FalconElPardal · wall_segment Stone Wall x1 |
| 30:31 | Okan1080 · first_market_buy 100 food |
| 31:06 | Okan1080 · wall_segment Palisade Wall x14 |
| 31:20 | FalconElPardal · wall_segment Palisade Wall x6 |
| 32:09 | 血色浪漫99199 · first_market_buy 100 food |
| 33:38 | FalconElPardal · first_market_buy 100 wood |
| 33:42 | 赦生童子 · first_market_sell 500 wood |
| 34:10 | Okan1080 · first_building Castle |
| 34:28 | [TNT] KKKFFFFFFCC · wall_segment Palisade Wall x6 |
| 34:56 | 赦生童子 · age_up imperial |
| 35:10 | Hágamelo Llegar · first_building Siege Workshop |
| 35:52 | FalconElPardal · first_market_sell 100 wood |
| 37:43 | FalconElPardal · resign |
| 38:27 | Hágamelo Llegar · first_building Castle |
| 39:29 | 赦生童子 · first_market_buy 100 food |
| 40:28 | OnlyOuOb · first_building Monastery |
| 43:25 | OnlyOuOb · first_market_sell 500 food |
| 43:43 | Okan1080 · wall_segment Palisade Wall x1 |
| 43:58 | 白龍 · first_market_sell 500 stone |
[ AI ANALYSIS · 1 CREDIT ]
What really happened in this match?
Wolo.gg analyzes every decision: build order, eco, micro, common mistakes by bracket. Personalized analysis on WhatsApp or Discord in 30 seconds.
Civ guide
Maya
Perfil
Jugador #20047326